 Dungeon Crawl Stone Soup version 0.29.0-7-g18a832c13a (webtiles) character file.

Game seed: 18425462821150319214

47 SensoryNuts the Trooper (level 3, -5/31 HPs)
             Began as a Draconian Fighter on Aug 30, 2022.
             Slain by Terence
             ... wielding a +0 mace
              (8 damage)
             ... on level 2 of the Dungeon.
             The game lasted 00:01:02 (1216 turns).

SensoryNuts the Trooper (Draconian Fighter)         Turns: 1216, Time: 00:01:02

Health: -5/31      AC:  6    Str: 18    XL:     3   Next: 48%
Magic:  3/3        EV: 12    Int:  8    God:
Gold:   40         SH:  4    Dex: 12    Spells: 2/2 levels left

rFire   . . .      SeeInvis .   a - +0 long sword
rCold   . . .      Faith    .   b - +0 buckler
rNeg    . . .      Spirit   .   (body armour unavailable)
rPois   .          Reflect  .   (helmet restricted)
rElec   .          Harm     .   d - +0 cloak
rCorr   .          Rampage  .   (no gloves)
Will    .....                   (no boots)
Stlth   +.........              (no amulet)
HPRegen 0.10/turn               (no ring)
MPRegen 0.08/turn               (no ring)

@: mighty, slowed, very slow
A: AC +5, unfitting armour, cold-blooded
a: no special abilities


You were on level 2 of the Dungeon.
You visited 1 branch of the dungeon, and saw 2 of its levels.

You collected 40 gold pieces.

Inventory:

Hand Weapons
 a - a +0 long sword (weapon)
Armour
 b - a +0 buckler (worn)
 d - a +0 cloak (worn)
Potions
 e - a potion of haste {unknown}
 f - a potion of curing {unknown}


   Skills:
 + Level 3.6 Fighting
 * Level 2.7 Long Blades
 + Level 3.0 Dodging
 + Level 3.5 Shields


You had 2 spell levels left.
You didn't know any spells.
Your spell library contained the following spells:

 Spells                   Type           Power      Damage    Failure   Level
 Alistair's Intoxication  Tmut/Pois      0%         N/A       100%        5
 Borgnjor's Vile Clutch   Necr/Erth      0%         N/A       100%        5
 Eringya's Noxious Bog    Tmut/Pois      0%         N/A       100%        6


Dungeon Overview and Level Annotations

Branches:
Dungeon (2/15)

Altars:

Annotations:
D:2 Terence


Innate Abilities, Weirdness & Mutations

Your plain brown scales are hard. (AC +5)
You cannot fit into any form of body armour.
You are cold-blooded and may be slowed by cold attacks.


Message History

You block Terence's attack.
The endoplasm hits you but does no damage.
You hit Terence but do no damage.
Terence is heavily wounded.
The endoplasm freezes you.
You are frozen.
Terence closely misses you. You block Terence's attack.
You block the endoplasm's attack.
You hit Terence.
Terence is severely wounded.
Terence hits you but does no damage. The endoplasm misses you.
You hit Terence but do no damage.
Terence is severely wounded.
The endoplasm closely misses you. You block Terence's attack.
You hit Terence but do no damage.
Terence is severely wounded.
The endoplasm freezes you.
You are frozen.
You feel yourself slow down. You block Terence's attack.
You barely miss Terence.
Terence is severely wounded.
The endoplasm barely misses you. Terence barely misses you.
The endoplasm freezes you.
You are frozen.
You feel as though you will be slow longer.
Terence hits you with a +0 mace. Terence barely misses you.
The endoplasm freezes you.
You are frozen.
* * * LOW HITPOINT WARNING * * *
You feel very mighty all of a sudden. Terence hits you but does no damage.
The endoplasm freezes you.
You are frozen.
* * * LOW HITPOINT WARNING * * *
You feel as though you will be slow longer.
Unknown command.
You barely miss Terence.
Terence is severely wounded.
The endoplasm hits you.
* * * LOW HITPOINT WARNING * * *
Terence hits you with a +0 mace!
You die...

###### ###....
#.....#
###.....###
....<.... #
#.....#
####.#...@.# #
....J..#@####.##
#.J........
###........
#..........
#.######.## #.#
#.# # #.# #># .#
#.# #.##..#.#
#.# ###.##..#.


You could see Terence and an endoplasm.

Vanquished Creatures
  A gnoll (D:1)
  A dart slug (D:1)
  A bat (D:1)
  4 endoplasms (D:1)
  2 giant cockroaches (D:1)
  6 goblins (D:1)
  4 hobgoblins (D:1)
  5 ball pythons
  A frilled lizard (D:1)
  5 kobolds (D:1)
30 creatures vanquished.

Notes
Turn   | Place    | Note
-------+----------+-------------------------------------------
     0 | D:1      | SensoryNuts the Draconian Fighter began the quest for the
                  | Orb.
     0 | D:1      | Reached XP level 1. HP: 19/19 MP: 1/1
   146 | D:1      | Reached XP level 2. HP: 15/26 MP: 2/2
   613 | D:1      | Reached XP level 3. HP: 31/31 MP: 3/3
  1203 | D:2      | Noticed Terence
  1216 | D:2      | Slain by Terence

Illustrated notes

Levels and vault maps discovered:
D:1:      ebering_trefoil_3fold, layout_rooms, serial_aquarium,
          aquarium_bridge_straight [aquarium_subvault_bridge,
          aquarium_subvault_wall, aquarium_subvault_bridge,
          aquarium_subvault_wall], aquarium_bridge_square
          [aquarium_subvault_bridge, aquarium_subvault_bridge,
          aquarium_subvault_window, aquarium_subvault_bridge],
          aquarium_window_corridor_3, aquarium_window_fake, aquarium_window_2,
          aquarium_window_1, aquarium_view_2b, aquarium_pool_split,
          minmay_fountain_box
D:2:      layout_loops_ring, uniq_crazy_yiuf_cottage, uniq_terence

Skill      XL: |  1  2 |
---------------+-------+-----
Dodging        | 3 |  3.0
Fighting       | |  3.6
Long Blades    | |  2.7
Shields        | |  3.5

Action                   || total
-------------------------++-------
Melee: Long sword        ||    91
       Tailslap          ||    11
  Use: Scroll            ||     1
       Potion            ||     1
 Stab: Sleeping          ||     1
Armor: Skin              ||    38
Dodge: Dodged            ||    60
Block: Buckler           ||    21
